AoeStats
← 左拳伤害高 右拳高伤害

African Clearing

510326022Analyzed
3v3 RM · 21h ago on Sep 30, 2026· 24m 49s· 6 players
Game mode
Random Map
Map size
Normal (6 player)
Population
200
Speed
Normal
Resources
Standard
Victory
Conquest
Starting age
Dark Age
Ending age
Imperial Age
RankedLock teamsTeams togetherTeam positionsShared explorationLock speedFull tech treeHidden civsTurbo modeCheats
Victory
Defeat
🇨🇳 Huns · China
1178
+13
🇨🇳 Vietnamese · China
1150
+14
1085
+18
🇭🇰 Spanish · Hong Kong SAR China
1137
-16
🇭🇰 Huns · Hong Kong SAR China
1105
-15
🇭🇰 Maya · Hong Kong SAR China
1096
-14
hungchiu
3:07 Loom
12:39 Feudal Age
18:35 Castle Age
Pak
15:13 Feudal Age
kwanmartin91
15:43 Feudal Age
16:59 Loom
22:42 Castle Age
20:56 Bloodlines
20:53 Scale Barding Armor
22:21 Forging
22:00 Double-Bit Axe
左拳伤害高 右拳高伤害
3:00 Loom
13:14 Feudal Age
18:08 Castle Age
王炸炸
4:35 Loom
6:21 Loom
13:23 Feudal Age
14:56 Double-Bit Axe
15:39 Forging
16:14 Bloodlines
22:18 Castle Age
20:32 Horse Collar
21:37 Gold Mining
23:13 Scale Barding Armor
23:28 Husbandry
24:09 Iron Casting
24:01 Heavy Plow
微辣十三香
9:22 Loom
11:37 Feudal Age
12:18 Double-Bit Axe
15:07 Fletching
15:15 Town Watch
19:44 Padded Archer Armor
21:14 Horse Collar
24:53 Castle Age
24:42 Gold Mining
Connection lost

Rejoining the realm…

Still unreachable

The connection could not be restored.

Session expired

The server has moved on; the page needs a fresh start.